 Dungeon Crawl Stone Soup version 0.30.1-11-g7821555f0a (webtiles) character file.

Game seed: 9910143544922747963

112 pkoi the Conjurer (level 4, -2/33 HPs)
             Began as a Draconian Conjurer on Nov 20, 2023.
             Shot with an arrow by a centaur (12 damage)
             ... on level 3 of the Dungeon.
             The game lasted 00:02:33 (2276 turns).

pkoi the Conjurer (Draconian Conjurer)              Turns: 2276, Time: 00:02:34

Health: -2/33      AC:  5    Str:  9    XL:     4   Next: 63%
Magic:  7/7        EV: 12    Int: 20    God:
Gold:   121        SH:  0    Dex: 10    Spells: 4/7 levels left

rFire   . . .        j - +1 dagger (venom)
rCold   . . .        (no shield)
rNeg    . . .        (body armour unavailable)
rPois   .            (helmet restricted)
rElec   .            (no cloak)
rCorr   .            (no gloves)
SInv    .            (no boots)
Will    .....        (no amulet)
Stlth   ++           (no ring)
HPRegen 0.25/turn    (no ring)
MPRegen 0.10/turn

%: no passive effects
@: no status effects
A: AC +5, unfitting armour, cold-blooded
a: no special abilities


You were on level 3 of the Dungeon.
You visited 1 branch of the dungeon, and saw 3 of its levels.

You collected 121 gold pieces.

Inventory:

Hand Weapons
 j - a +1 dagger of venom (weapon)
Magical Staves
 h - a staff of cold
Jewellery
 o - the ring of Yzuf Oro {rC- Will+++ Str+4 Dex+6}
   (You found it on level 2 of the Dungeon)

   [ring of dexterity]

   Str:       It affects your strength (+4).
   Dex:       It affects your dexterity (+6).
   rC:        It makes you vulnerable to cold.
   Will:      It greatly increases your willpower.
Scrolls
 d - a scroll of teleportation
 i - a scroll of identify
Potions
 a - a potion of magic
 b - a potion of degeneration {unknown}
 c - 2 potions of curing
 e - a potion of attraction {unknown}
 f - a potion of heal wounds {unknown}
 l - a potion of mutation {unknown}
 m - a potion of might {unknown}
 p - a potion of brilliance {unknown}


   Skills:
 - Level 1.7 Dodging
 - Level 1.7 Stealth
 - Level 2.0 Spellcasting
 + Level 6.1 Conjurations


You had 4 spell levels left.
You knew the following spells:

 Your Spells              Type           Power      Damage    Failure   Level
a - Magic Dart            Conj           100%       1d8       1%          1
b - Searing Ray           Conj           52%        2d6       1%          2

Your spell library contained the following spells:

 Spells                   Type           Power      Damage    Failure   Level
 Dazzling Flash           Conj/Hex       28%        N/A       14%         3
 Necrotise                Necr           8%         1d4       16%         1
 Cigotuvi's Dreadful Rot  Necr/Pois/Air  4%         N/A       24%         2
 Fulminant Prism          Conj/Hex       7%         3d7       41%         4
 Iskenderun's Mystic Bla  Conj/Tloc      14%        2d5       41%         4
 Ignite Poison            Fire/Tmut/Pois 2%         N/A       43%         3
 Vampiric Draining        Necr           2%         2d6       43%         3
 Freezing Cloud           Conj/Ice/Air   5%         6-21      88%         5
 Agony                    Necr           2%         N/A       99%         5


Dungeon Overview and Level Annotations

Branches:
Dungeon (3/15)

Altars:


Innate Abilities, Weirdness & Mutations

Your plain brown scales are hard. (AC +5)
You cannot fit into any form of body armour.
You are cold-blooded and may be slowed by cold attacks.


Message History

You can't see any susceptible monsters within range! (Use Z to cast anyway.)
You can't see any susceptible monsters within range! (Use Z to cast anyway.)
You can't see any susceptible monsters within range! (Use Z to cast anyway.)
A centaur comes into view.
The magic dart hits the hobgoblin.
The hobgoblin is lightly wounded.
The centaur wields a +0 shortbow.
The centaur shoots an arrow.
The arrow misses you.
The magic dart hits the hobgoblin.
The hobgoblin is almost dead.
The centaur shoots an arrow.
The arrow barely misses you.
The hobgoblin hits you but does no damage.
The centaur shoots an arrow.
The arrow hits you. The hobgoblin attacks as you move away!
The hobgoblin closely misses you. The hobgoblin attacks as you move away!
The hobgoblin hits you.
The centaur shoots an arrow.
The arrow barely misses you.
The centaur shoots an arrow.
The arrow hits you!
There is a stone staircase leading up, spattered with blood here.
The hobgoblin closely misses you.
The centaur shoots an arrow.
The arrow hits you.
You climb upwards.
There is a stone staircase leading down here.
A hobgoblin is nearby!
A hobgoblin is nearby!
You hit the hobgoblin.
You kill the hobgoblin!
You see here a hobgoblin corpse.
You start resting.
Magic restored.
You start resting.
HP restored.
There is a stone staircase leading down here.
You climb downwards.
The centaur shoots an arrow.
The arrow hits you!
The centaur shoots an arrow.
The arrow hits you.
There is a stone staircase leading up, spattered with blood here.
Unknown command.
Unknown command.
The centaur shoots an arrow.
The arrow hits you!
The centaur shoots an arrow.
The arrow hits you!
You die...

.... ... #..#
#... [..
###.###
##.....##
#...#...#
#.<...@.#
#..._...#
#.#...#.#
.....<.....
#..#.....#)..#
#c
#######..... #
.#.## ##..


You could see a centaur.

Vanquished Creatures
  5 adders
  A worm (D:2)
  2 dart slugs (D:1)
  An orc (D:3)
  5 bats
  6 endoplasms
  4 giant cockroaches
  9 goblins
  7 hobgoblins
  4 kobolds (D:1)
  4 ball pythons
  2 frilled lizards
  3 rats (D:1)
53 creatures vanquished.

Notes
Turn   | Place    | Note
-------+----------+-------------------------------------------
     0 | D:1      | pkoi the Draconian Conjurer began the quest for the Orb.
     0 | D:1      | Reached XP level 1. HP: 14/14 MP: 3/3
   245 | D:1      | Reached XP level 2. HP: 20/20 MP: 3/5
   516 | D:1      | Reached skill level 5 in Conjurations
   518 | D:1      | Reached XP level 3. HP: 26/26 MP: 1/6
   956 | D:2      | Learned a level 2 spell: Searing Ray
  1224 | D:2      | Reached XP level 4. HP: 33/33 MP: 2/7
  1783 | D:2      | Reached skill level 6 in Conjurations
  1808 | D:2      | Identified the ring of Yzuf Oro {rC- Will+++ Str+4 Dex+6}
  2171 | D:3      | Found a faded altar of an unknown god.
  2179 | D:3      | Noticed a centaur
  2276 | D:3      | Shot with an arrow by a centaur

Illustrated notes

Levels and vault maps discovered:
D:1:      dpeg_arrival_pits, layout_rooms, minmay_misc_feat_enclosed,
          chequers_serial_rivers_micro_b
D:2:      layout_basic, chequers_serial_rivers_micro_c
D:3:      layout_basic, nicolae_ecumenical_pavilion, uniq_natasha, uniq_robin

Skill      XL: |  1  2  3  4 |
---------------+-------------+-----
Conjurations   | 5 6 |  6.1
Dodging        | |  1.7
Stealth        | |  1.7
Spellcasting   | |  2.0

Action                     |  1- 3 |  4- 6 || total
---------------------------+-------+-------++-------
  Melee: Staff             |    18 |       ||    18
         Dagger            |     8 |     1 ||     9
         Tailslap          |     2 |       ||     2
         Punch             |     1 |       ||     1
   Cast: Magic Dart        |    41 |    29 ||    70
         Searing Ray       |     3 |     4 ||     7
    Use: Scroll            |       |     6 ||     6
 Armour: Skin              |    15 |     5 ||    20
  Dodge: Dodged            |    28 |     8 ||    36
